 Dungeon Crawl Stone Soup version 0.30-a0-591-g3c58d2bc28 (webtiles) character file.

Game seed: 16113213610501651474

192 sokol815 the Covert (level 5, -1/27 HPs)
             Began as a Spriggan Delver on Jan 4, 2023.
             Slain by Natasha (8 damage)
             ... on level 2 of the Dungeon.
             The game lasted 00:08:26 (2806 turns).

sokol815 the Covert (Spriggan Delver)               Turns: 2806, Time: 00:08:27

Health: -1/27      AC:  3    Str:  8    XL:     5   Next: 42%
Magic:  7/7        EV: 17    Int: 12    God:
Gold:   143        SH:  0    Dex: 18    Spells: 2/5 levels left

rFire   + . .      SeeInvis +    a - +3 dagger (freeze)
rCold   . . .      Faith    .    (no shield)
rNeg    . . .      Spirit   .    b - +1 robe
rPois   .          Reflect  .    (helmet restricted)
rElec   .          Harm     .    (no cloak)
rCorr   .          Rampage  .    (gloves unavailable)
Will    +....                    (boots unavailable)
Stlth   +++++                    (no amulet)
HPRegen 0.24/turn                F - ring of protection from fire {rF+, !d}
MPRegen 0.10/turn                W - ring of willpower

@: very quick
A: very small, no large weapons, unfitting armour, see invisible, speed 3
a: no special abilities


You were on level 2 of the Dungeon.
You visited 1 branch of the dungeon, and saw 5 of its levels.

You collected 143 gold pieces.

Inventory:

Hand Weapons
 a - a +3 dagger of freezing (weapon)
   (You found it on level 3 of the Dungeon)
 g - a +0 short sword
 k - a +0 short sword of flaming
   (You found it on level 2 of the Dungeon)
 o - a +1 dagger of pain
   (You took it off a goblin on level 2 of the Dungeon)
Missiles
 f - 8 poisoned darts
 h - 4 boomerangs
 j - 5 atropa-tipped darts
 s - 30 stones
Armour
 b - a +1 robe (worn)
Jewellery
 F - a ring of protection from fire (left hand) {rF+, !d}
   (You found it on level 3 of the Dungeon)
 W - a ring of willpower (right hand)
   (You found it on level 3 of the Dungeon)
Wands
 d - a wand of digging (3)
Scrolls
 c - a scroll of fog
 e - a scroll of identify {@r1}
 D - a scroll of blinking {!r}
 E - a scroll of fear
 X - a scroll of magic mapping {@r4!r}
Potions
 B - a potion of brilliance
 H - 2 potions of haste
 J - 3 potions of curing {@q1}
 P - a potion of lignification {!q}
 U - a potion of mutation {!q}


   Skills:
 - Level 2.4 Fighting
 + Level 2.9 Short Blades
 - Level 2.6 Dodging
 * Level 10.5 Stealth
 + Level 0.7 Spellcasting
 + Level 1.0 Translocations
 + Level 0.2 Air Magic


You had 2 spell levels left.
You knew the following spells:

 Your Spells              Type           Power      Damage    Failure   Level
a - Vhi's Electric Charg  Tloc/Air       4%         N/A       56%         3

Your spell library contained the following spells:

 Spells                   Type           Power      Damage    Failure   Level
 Static Discharge         Conj/Air       0%         2-2/arc   41%         2
 Arcjolt                  Conj/Air       0%         1d10      100%        5
 Lightning Bolt           Conj/Air       0%         1d11      100%        5


Dungeon Overview and Level Annotations

Branches:
Dungeon (5/15) Zot: 25810
 Temple: D:4-7

Altars:
Uskayaw

Shops:
D:5 !

Annotations:
D:2 Natasha
D:5 exclusions: 2 orcs and orc wizard


Innate Abilities, Weirdness & Mutations

You are very small and have problems with some larger weapons.
You are too small for most types of armour.
You have supernaturally acute eyesight. (SInv)
You cover ground extremely quickly. (Speed+++)


Message History

Okay, then.
You see here a quokka corpse.
The ball python hisses angrily.
You hit the ball python.
The ball python seems to slow down.
You freeze the ball python. The ball python misses you.
The ball python grabs you. The ball python constricts you.
You closely miss the ball python. The ball python closely misses you.
The ball python constricts you.
You hit the ball python. You freeze the ball python.
You kill the ball python!
No target in view!
There is a stone staircase leading down here.
Found an escape hatch in the floor.
Partly explored, can't reach some items and places.
No reachable target in view!
No reachable target in view!
The helpless Natasha fails to defend herself.
You skewer Natasha like a kebab!!! You freeze Natasha.
You kill Natasha!
Natasha screams in fury as she dies!
A goblin and a frilled lizard come into view.
You see here a dark potion.
MP restored: 7 An endoplasm comes into view.
The helpless frilled lizard fails to defend itself.
You skewer the frilled lizard like a kebab!!!
You freeze the frilled lizard.
You kill the frilled lizard!
The endoplasm quivers.
The goblin shouts!
You hear an angry hiss.
The goblin hits you with a +0 club.
You take 2 damage, and have 25/27 hp.
You hit the goblin. You freeze the goblin.
You kill the goblin!
A ball python comes into view.
You hit the endoplasm. You freeze the endoplasm. The endoplasm freezes you.
You are frozen.
You take 1 damage, and have 24/27 hp.
You hit the endoplasm. You freeze the endoplasm.
You kill the endoplasm!
You hit the ball python. You freeze the ball python.
You kill the ball python!
No target in view!
No target in view!
i - a cyan potion You see here a +0 short sword of flaming.
k - a +0 short sword of flaming
As you read the scroll of identify {@r1}, it crumbles to dust.
i - a potion of mutation;
U - a potion of mutation
i - a dark potion Health restored: 27
As you read the scroll of identify {@r1}, it crumbles to dust.
i - a potion of degeneration You drop a potion of degeneration {!q}.
There is a fountain of clear blue water here.
i - a scroll labelled WYLOH ZUYPHI
As you read the scroll labelled WYLOH ZUYPHI, it crumbles to dust.
The air around you briefly surges with heat, but it dissipates.
It was a scroll of immolation.
You now have 143 gold pieces (gained 12).
You see here a +0 ring mail.
A hobgoblin comes into view.
The hobgoblin misses you.
You hit the hobgoblin. You freeze the hobgoblin.
You kill the hobgoblin!
Your Translocations skill increases to level 1!
No target in view!
No target in view!
You see here a +0 ring mail.
There is a fountain of clear blue water here.
Done exploring.
Done exploring.
Done exploring.
Natasha, Servant of Life and Death comes into view.
She is carrying a wand of roots (5).
You see here a +0 leather armour.
No target in view!
No target in view!
You barely miss Natasha.
Natasha hisses angrily.
Natasha zaps a wand.
The roots erupt in riotous growth!
The grasping roots grab you!
Natasha is unaffected.
The grasping roots constrict you.
You take 3 damage, and have 24/27 hp.
You barely miss Natasha.
Natasha drinks a potion.
Natasha's spells are empowered!
The grasping roots constrict you!
You take 10 damage, and have 14/27 hp.
MASSIVE DAMAGE!!
You closely miss Natasha.
Natasha mumbles some strange words.
The grasping roots constrict you!
* * * LOW HITPOINT WARNING * * *
The grasping roots release their grip on you.
You take 8 damage, and have 6/27 hp.
MASSIVE DAMAGE!!
You barely miss Natasha. Natasha claws you!
You die...

..# #.# ### #.# # #.# #
#.### ######...#
.....###.########## .....#
#.##.......#
#.#).###.#.....##.#########
#........#......@h........#
..#..#####.....##5#######.#
.....# #.....##.# #.#
..#.## #.....##.# #.# ....#
##..[....# #.# .####
##.#.###### #.# .#
##.#....# #.# .#
##.###.#.######## #.##
.######.## ##..##.....#
#..#


You could see Natasha (empowered) and a white imp (summoned).

Vanquished Creatures
  A necrophage (D:3)
  Natasha (D:2)
  2 adders (D:2)
  2 worms (D:3)
  3 dart slugs
  2 orcs (D:5)
  5 ball pythons
  4 bats
  7 endoplasms
  6 giant cockroaches
  6 goblins
  7 hobgoblins
  6 jackals
  2 quokkas
  2 frilled lizards
  5 kobolds
  5 rats
66 creatures vanquished.

Notes
Turn   | Place    | Note
-------+----------+-------------------------------------------
     0 | D:5      | sokol815 the Spriggan Delver began the quest for the Orb.
     0 | D:5      | Reached XP level 1. HP: 11/11 MP: 2/2
    22 | D:5      | Found Vug Vuq's Distillery.
    24 | D:5      | Noticed an orc wizard
   111 | D:5      | Noticed a hound
   143 | D:5      | Noticed a hound
   205 | D:5      | Noticed a centaur
   398 | D:3      | Noticed a necrophage
   519 | D:3      | Reached XP level 2. HP: 14/16 MP: 3/3
   530 | D:3      | Reached skill level 8 in Stealth
   623 | D:3      | Killed a necrophage
   624 | D:3      | Reached skill level 9 in Stealth
   624 | D:3      | Reached XP level 3. HP: 12/19 MP: 4/4
   624 | D:3      | Reached XP level 4. HP: 15/23 MP: 5/5
   844 | D:3      | Found a hide-covered altar of Uskayaw.
   970 | D:2      | Noticed Natasha
  1157 | D:1      | Reached skill level 10 in Stealth
  2027 | D:2      | Reached XP level 5. HP: 27/27 MP: 6/6
  2080 | D:2      | Learned a level 3 spell: Vhi's Electric Charge
  2614 | D:2      | Killed Natasha
  2698 | D:2      | Reached skill level 1 in Translocations
  2796 | D:2      | Noticed Natasha
  2805 | D:2      | HP: 6/27 [constriction (8)]
  2806 | D:2      | Slain by Natasha

Illustrated notes

Levels and vault maps discovered:
D:1:      zaba_arrival_water, layout_loops_ring
D:2:      layout_loops_cross, minmay_octomino_j4, uniq_natasha
D:3:      layout_basic, mainiacjoe_overflow_24_doors, minmay_cupped
D:4:      layout_basic, grunt_temple_overflow_lords_of_destruction,
          lemuel_temple_firewalk_b, grunt_decor_arrowhead
D:5:      layout_basic, serial_shops, shop, dreamdust_gnoll_farm

Skill      XL: |  1  2  3  4  5 |
---------------+----------------+-----
Stealth        | 9 10 | 10.5
Translocations | 1 |  1.0
Fighting       | |  2.4
Short Blades   | |  2.9
Dodging        | |  2.6
Spellcasting   | |  0.7
Air Magic      | |  0.2

Action                   |  1- 3 |  4- 6 || total
-------------------------+-------+-------++-------
Melee: Short sword       |    52 |       ||    52
       Punch             |     3 |       ||     3
       Dagger            |    24 |   114 ||   138
Throw: Dart              |     6 |       ||     6
  Use: Scroll            |       |    12 ||    12
 Stab: Sleeping          |     3 |    29 ||    32
Armor: Robe              |     5 |     8 ||    13
Dodge: Dodged            |    63 |    50 ||   113

Table legend: (Time is in decaauts)
 A = Elapsed time spent in this place.
 B = Non-inter-level travel time spent in this place.
 C = Inter-level travel time spent in this place.
 D = Time resting spent in this place.
 E = Time spent auto-exploring this place.
 F = Levels seen in this place.
 G = Mean time per level.
                   A        B        C        D        E       F      G
               +--------+--------+--------+--------+--------+-----+--------+
         Total |   1893 |   1801 |     92 |     81 |   1135 |   5 |  378.6 |
       Dungeon |   1893 |   1801 |     92 |     81 |   1135 |   5 |  378.6 |
               +--------+--------+--------+--------+--------+-----+--------+

Top non-repeatable levels by time:
     D:1: 617 daAuts
     D:2: 592 daAuts
     D:3: 458 daAuts
     D:5: 150 daAuts
     D:4: 74 daAuts

Table legend:
 A = Kills in this place as a percentage of kills in entire the game.
 B = Kills by you in this place as a percentage of kills by you in the entire game.
 C = Kills by friends in this place as a percentage of kills by friends in the entire game.
 D = Other kills in this place as a percentage of other kills in the entire game.
 E = Experience gained in this place as a percentage of experience gained in the entire game.
 F = Experience gained in this place divided by the number of levels of this place that you have seen.
                   A       B       C       D       E      F
               +-------+-------+-------+-------+-------+----------------------
         Total | 100.0 | 100.0 |   N/A |   N/A | 100.0 |  55.0
       Dungeon | 100.0 | 100.0 |   N/A |   N/A | 100.0 |  55.0
               +-------+-------+-------+-------+-------+----------------------
